NCAA
ARIZONA STATE SUN DEVILS @ MISSOURI TIGERS
04/04/2029
 
TOP OF THE 1ST
Arizona State Sun Devils batting - Pitching for Missouri Tigers : RHP Foster Gray
Pitching: RHP Foster Gray
Batting: RHB Tim Oliver 0-0: Fly out, F6 (Popup, 15)
Batting: SHB Doyle Goodwin 0-0: Ground out 4-3 (Groundball, 4M)
Batting: SHB Leonardo González 0-0: Ball
1-0: Ball
2-0: Ball
3-0: Called Strike
3-1: Called Strike
3-2: Fly out, F7 (Flyball, 78D)
Top of the 1st over - 0 runs, 0 hits, 0 errors, 0 left on base; Arizona State 0 - Missouri 0
BOTTOM OF THE 1ST
Missouri Tigers batting - Pitching for Arizona State Sun Devils : RHP Tom Davis
Pitching: RHP Tom Davis
Batting: SHB Marcos Cruz 0-0: Hit by Pitch
Batting: SHB David Castaneda 0-0: Called Strike
0-1: Called Strike
0-2: Ball
1-2: SINGLE (Groundball, P) (infield hit)
Marcos Cruz to second
Batting: RHB Harvey Willis 0-0: Ball
1-0: Fly out, F4 (Line Drive, 4M)
Batting: LHB Julián Echevarría 0-0: Ball
1-0: Foul Ball, location: 2F
1-1: SINGLE (Flyball, 9LS)
Marcos Cruz to third
David Castaneda to second
Runner from 3rd tries for Home, SAFE, throw made home
Batting: SHB Brian Fish 0-0: Called Strike
0-1: Called Strike
David Castaneda is caught stealing 3rd base
Julián Echevarría to second
0-2: Ball
1-2: Ground out 5-3 (Groundball, 5)
Bottom of the 1st over - 1 run, 2 hits, 0 errors, 1 left on base; Arizona State 0 - Missouri 1
TOP OF THE 2ND
Arizona State Sun Devils batting - Pitching for Missouri Tigers : RHP Foster Gray
Batting: SHB Paul Davenport 0-0: Called Strike
0-1: Ball
1-1: Fly out, F7 (Flyball, 7)
Batting: LHB Juan Guzmán 0-0: Ball
1-0: SINGLE (Groundball, 56D)
Batting: RHB Gil Gardner 0-0: Ball
1-0: Foul Ball, location: 2F
1-1: Ball
2-1: Ball
3-1: DOUBLE (Flyball, 78XD)
Juan Guzmán to third
Runner from 3rd tries for Home, SAFE, no throw
Batting: LHB José Serrano 0-0: Ball
1-0: Ball
2-0: Called Strike
2-1: Foul Ball, location: 2F
2-2: Ball
3-2: Foul Ball, location: 2F
3-2: Foul Ball, location: 2F
3-2: Strikes out swinging
Batting: LHB Werner Fisher 0-0: Ball
1-0: Foul Ball, location: 2F
1-1: Ball
2-1: Ball
3-1: Base on Balls
Batting: LHB Christian Lindsey 0-0: Ball
1-0: Called Strike
1-1: Foul Ball, location: 2F
1-2: Foul Ball, location: 2F
1-2: Ball
2-2: Strikes out looking
Top of the 2nd over - 1 run, 2 hits, 0 errors, 2 left on base; Arizona State 1 - Missouri 1
BOTTOM OF THE 2ND
Missouri Tigers batting - Pitching for Arizona State Sun Devils : RHP Tom Davis
Batting: RHB Beau McNeill 0-0: Foul Ball, location: 2F
0-1: Ball
1-1: Foul Ball, location: 2F
1-2: SINGLE (Groundball, 56S) (infield hit)
Batting: LHB Michael Robertson 0-0: Called Strike
0-1: Swinging Strike
0-2: Fly out, F8 (Flyball, 8LM)
Batting: RHB Broderick Banks 0-0: Called Strike
0-1: Called Strike
0-2: Ball
1-2: Foul Ball, location: 2F
1-2: Ball
2-2: Ball
Beau McNeill is caught stealing 2nd base
3-2: Foul Ball, location: 2F
3-2: Base on Balls
Batting: LHB Alfredo Herrera 0-0: Ball
1-0: Ground out 5-3 (Groundball, 56)
Bottom of the 2nd over - 0 runs, 1 hit, 0 errors, 1 left on base; Arizona State 1 - Missouri 1
TOP OF THE 3RD
Arizona State Sun Devils batting - Pitching for Missouri Tigers : RHP Foster Gray
Batting: RHB Tim Oliver 0-0: Ball
1-0: Ball
2-0: Ball
3-0: Base on Balls
Batting: SHB Doyle Goodwin 0-0: Swinging Strike
0-1: Fly out, F9 (Flyball, 89M)
Batting: SHB Leonardo González 0-0: Ball
Tim Oliver is caught stealing 2nd base
1-0: Called Strike
1-1: Foul Ball, location: 2F
1-2: Strikes out swinging
Top of the 3rd over - 0 runs, 0 hits, 0 errors, 0 left on base; Arizona State 1 - Missouri 1
BOTTOM OF THE 3RD
Missouri Tigers batting - Pitching for Arizona State Sun Devils : RHP Tom Davis
Batting: SHB Marcos Cruz 0-0: Fly out, F7 (Flyball, 7)
Batting: SHB David Castaneda 0-0: Called Strike
0-1: Ball
1-1: Ground out 4-3 (Groundball, 4)
Batting: RHB Harvey Willis 0-0: Foul Ball, location: 2F
0-1: Foul Ball, location: 2F
0-2: Ball
1-2: Foul Ball, location: 2F
1-2: Ball
2-2: Foul Ball, location: 2F
2-2: Foul Ball, location: 2F
2-2: Strikes out swinging
Bottom of the 3rd over - 0 runs, 0 hits, 0 errors, 0 left on base; Arizona State 1 - Missouri 1
TOP OF THE 4TH
Arizona State Sun Devils batting - Pitching for Missouri Tigers : RHP Foster Gray
Batting: SHB Paul Davenport 0-0: Called Strike
0-1: Ball
1-1: Swinging Strike
1-2: Strikes out looking
Batting: LHB Juan Guzmán 0-0: Swinging Strike
0-1: Called Strike
0-2: Ball
1-2: Foul Ball, location: 2F
1-2: Foul Ball, location: 2F
1-2: DOUBLE (Line Drive, 89D)
Batting: RHB Gil Gardner 0-0: Called Strike
0-1: Ball
1-1: Ball
2-1: Ball
3-1: Base on Balls
Batting: LHB José Serrano 0-0: Ball
1-0: Ball
2-0: Called Strike
2-1: Fielders Choice at 2nd, 4-6 (Groundball, 4M)
Juan Guzmán to third
Batting: LHB Werner Fisher 0-0: Ball
1-0: SINGLE (Groundball, 25) (infield hit)
Juan Guzmán scores
José Serrano to second
Batting: LHB Christian Lindsey 0-0: Ground out 3-1 (Groundball, 34S)
Top of the 4th over - 1 run, 2 hits, 0 errors, 2 left on base; Arizona State 2 - Missouri 1
BOTTOM OF THE 4TH
Missouri Tigers batting - Pitching for Arizona State Sun Devils : RHP Tom Davis
Batting: LHB Julián Echevarría 0-0: Called Strike
0-1: Called Strike
0-2: Ball
1-2: Ball
2-2: Reached on error, E1 (Groundball, 13)
Batting: SHB Brian Fish 0-0: Called Strike
0-1: Fly out, F8 (Flyball, 89S)
Batting: RHB Beau McNeill 0-0: Swinging Strike
Pickoff Throw to First - Error! E1
Julián Echevarría to second
0-1: Foul Ball, location: 2F
0-2: Ball
1-2: Strikes out swinging
Batting: LHB Michael Robertson 0-0: Ball
1-0: Called Strike
1-1: Ball
2-1: Ball
3-1: Foul Ball, location: 2F
3-2: Foul Ball, location: 2F
3-2: Strikes out swinging
Bottom of the 4th over - 0 runs, 0 hits, 2 errors, 1 left on base; Arizona State 2 - Missouri 1
TOP OF THE 5TH
Arizona State Sun Devils batting - Pitching for Missouri Tigers : RHP Foster Gray
Batting: RHB Tim Oliver 0-0: Swinging Strike
0-1: Swinging Strike
0-2: Ball
1-2: Fly out, F9 (Flyball, 9LS)
Batting: SHB Doyle Goodwin 0-0: Called Strike
0-1: DOUBLE (Flyball, 78D)
Batting: SHB Leonardo González 0-0: Ball
1-0: Ball
2-0: SINGLE (Groundball, 4MS) (infield hit)
Doyle Goodwin to third
Batting: SHB Paul Davenport 0-0: Fly out, F8 (Line Drive, 8RD)
Runner from 3rd tags up, OUT at HOME
Top of the 5th over - 0 runs, 2 hits, 0 errors, 1 left on base; Arizona State 2 - Missouri 1
BOTTOM OF THE 5TH
Missouri Tigers batting - Pitching for Arizona State Sun Devils : RHP Tom Davis
Batting: RHB Broderick Banks 0-0: Swinging Strike
0-1: Foul Ball, location: 2F
0-2: Ball
1-2: Strikes out swinging
Batting: LHB Alfredo Herrera 0-0: SINGLE (Line Drive, 78S)
Batting: SHB Marcos Cruz 0-0: Called Strike
Alfredo Herrera is caught stealing 2nd base
0-1: Foul Ball, location: 2F
0-2: Ball
1-2: Foul Ball, location: 2F
1-2: Ball
2-2: Ground out 4-3 (Groundball, 4M)
Bottom of the 5th over - 0 runs, 1 hit, 0 errors, 0 left on base; Arizona State 2 - Missouri 1
TOP OF THE 6TH
Arizona State Sun Devils batting - Pitching for Missouri Tigers : RHP Foster Gray
Batting: LHB Juan Guzmán 0-0: Ball
1-0: Foul Ball, location: 2F
1-1: Fly out, F7 (Flyball, 7D)
Pitching: RHP Thomas Long
Batting: RHB Gil Gardner 0-0: Called Strike
0-1: Foul Ball, location: 2F
0-2: Strikes out swinging
Batting: LHB José Serrano 0-0: Foul Ball, location: 2F
0-1: Ball
1-1: Ground out 4-3 (Groundball, 4)
Top of the 6th over - 0 runs, 0 hits, 0 errors, 0 left on base; Arizona State 2 - Missouri 1
BOTTOM OF THE 6TH
Missouri Tigers batting - Pitching for Arizona State Sun Devils : RHP Tom Davis
Batting: SHB David Castaneda 0-0: Ball
1-0: Foul Ball, location: 2F
1-1: Swinging Strike
1-2: Ball
2-2: Ground out U3 (Groundball, 3)
Batting: RHB Harvey Willis 0-0: Ball
1-0: Called Strike
1-1: Ball
2-1: Foul Ball, location: 2F
2-2: Foul Ball, location: 2F
2-2: SINGLE (Flyball, 8RS)
Pitching: LHP Maurice Chappell
Batting: LHB Julián Echevarría 0-0: Foul Ball, location: 2F
0-1: 2-RUN HOME RUN (Flyball, 8LXD), Distance : 408 ft
Batting: SHB Brian Fish 0-0: TRIPLE (Flyball, 8RXD)
Batting: RHB Beau McNeill 0-0: Intentional Walk
Batting: LHB Michael Robertson 0-0: Ball
1-0: Ground out 5-3 (Groundball, 56)
Beau McNeill to second
Batting: RHB Broderick Banks 0-0: Ball
1-0: Called Strike
1-1: Foul Ball, location: 2F
1-2: Ball
2-2: Ball
3-2: Base on Balls
Batting: LHB Alfredo Herrera 0-0: Called Strike
0-1: Called Strike
0-2: Fielders Choice at 2nd, 6-4 (Groundball, 6)
Bottom of the 6th over - 2 runs, 3 hits, 0 errors, 3 left on base; Arizona State 2 - Missouri 3
TOP OF THE 7TH
Arizona State Sun Devils batting - Pitching for Missouri Tigers : RHP Thomas Long
Batting: LHB Werner Fisher 0-0: Ball
1-0: Fly out, F8 (Flyball, 78D)
Batting: LHB Christian Lindsey 0-0: Ball
1-0: Fly out, F8 (Flyball, 8RM)
Batting: RHB Tim Oliver 0-0: Called Strike
0-1: Foul Ball, location: 2F
0-2: Strikes out looking
Top of the 7th over - 0 runs, 0 hits, 0 errors, 0 left on base; Arizona State 2 - Missouri 3
BOTTOM OF THE 7TH
Missouri Tigers batting - Pitching for Arizona State Sun Devils : LHP Maurice Chappell
Batting: SHB Marcos Cruz 0-0: Foul Ball, location: 2F
0-1: Ball
1-1: Fly out, F8 (Flyball, 8RD)
Batting: SHB David Castaneda 0-0: Ground out 6-3 (Groundball, 56)
Batting: RHB Harvey Willis 0-0: Called Strike
0-1: Ball
1-1: SINGLE (Groundball, 34D)
Batting: LHB Julián Echevarría 0-0: Foul Ball, location: 2F
0-1: Fielders Choice at 2nd, 6-4 (Groundball, 6)
Bottom of the 7th over - 0 runs, 1 hit, 0 errors, 1 left on base; Arizona State 2 - Missouri 3
TOP OF THE 8TH
Arizona State Sun Devils batting - Pitching for Missouri Tigers : RHP Thomas Long
Now at 1B: Jack Robinson
Batting: SHB Doyle Goodwin 0-0: Called Strike
0-1: Fly out, F8 (Line Drive, 8LD)
Batting: SHB Leonardo González 0-0: Swinging Strike
0-1: Foul Ball, location: 2F
0-2: Foul Ball, location: 2F
0-2: Strikes out swinging
Batting: SHB Paul Davenport 0-0: Ball
1-0: Ball
2-0: Called Strike
2-1: Ball
3-1: Base on Balls
Pitching: LHP Jason Reed
Batting: LHB Juan Guzmán 0-0: Ball
1-0: Foul Ball, location: 2F
1-1: Swinging Strike
1-2: Foul Ball, location: 2F
1-2: SINGLE (Flyball, 78M)
Paul Davenport to second
Batting: RHB Gil Gardner 0-0: Ball
1-0: Ball
2-0: Swinging Strike
2-1: DOUBLE (Line Drive, 78D)
Paul Davenport scores
Juan Guzmán to third
Runner from 3rd tries for Home, SAFE, no throw
Batting: LHB José Serrano 0-0: Called Strike
0-1: Ball
1-1: Ball
2-1: Called Strike
2-2: Ball
3-2: Strikes out swinging
Top of the 8th over - 2 runs, 2 hits, 0 errors, 1 left on base; Arizona State 4 - Missouri 3
BOTTOM OF THE 8TH
Missouri Tigers batting - Pitching for Arizona State Sun Devils : LHP Maurice Chappell
Now at C: Arturo Ruíz
Batting: SHB Brian Fish 0-0: Ball
1-0: Ball
2-0: Foul Ball, location: 2F
2-1: Ball
3-1: Called Strike
3-2: SINGLE (Flyball, 89S)
Pitching: RHP John Osborne
Batting: RHB Beau McNeill 0-0: Sac Bunt - play at first, batter OUT! 1-4
Brian Fish to second
Batting: LHB Michael Robertson 0-0: Foul Ball, location: 2F
0-1: Swinging Strike
0-2: Strikes out swinging
Batting: RHB Broderick Banks 0-0: Foul Ball, location: 2F
0-1: Fly out, F7 (Flyball, 7)
Bottom of the 8th over - 0 runs, 1 hit, 0 errors, 1 left on base; Arizona State 4 - Missouri 3
TOP OF THE 9TH
Arizona State Sun Devils batting - Pitching for Missouri Tigers : LHP Jason Reed
Batting: LHB Werner Fisher 0-0: Called Strike
0-1: Called Strike
0-2: Ball
1-2: Strikes out looking
Batting: LHB Christian Lindsey 0-0: Ground out 4-3 (Groundball, 4)
Batting: RHB Tim Oliver 0-0: Fly out, F3 (Popup, 3S)
Top of the 9th over - 0 runs, 0 hits, 0 errors, 0 left on base; Arizona State 4 - Missouri 3
BOTTOM OF THE 9TH
Missouri Tigers batting - Pitching for Arizona State Sun Devils : RHP John Osborne
Batting: LHB Alfredo Herrera 0-0: SOLO HOME RUN (Flyball, 7LD), Distance : 313 ft
Batting: SHB Marcos Cruz 0-0: Ball
1-0: Foul Ball, location: 2F
1-1: SOLO HOME RUN (Line Drive, 9D), Distance : 370 ft
Saturday, December 16th, 2017 - OOTP Baseball 18.8 Build 76